 Dungeon Crawl Stone Soup version 0.24-a0-537-g2d01d4ab0a (webtiles) character file.

Game seed: 6875555150909451595

11622 Hukkari the Frost Mage (level 11, -2/78 HPs)
             Began as a Vampire Ice Elementalist on Aug 15, 2019.
             Was a High Priest of Vehumet.
             Engulfed by a cloud of freezing vapour (19 damage)
             ... in an ice cave on Aug 16, 2019.
             The game lasted 01:44:13 (11257 turns).

Hukkari the Frost Mage (Vampire Ice Elementalist)  Turns: 11257, Time: 01:44:14

Health: -2/78      AC: 10    Str: 12    XL:     11   Next: 51%
Magic:  23/23      EV: 22    Int: 21    God:    Vehumet [*****.]
Gold:   460        SH:  0    Dex: 19    Spells: 4/26 levels left

rFire    . . .     SeeInvis +   b - +3 dagger (drain)
rCold    . . .     Gourm    .   (no shield)
rNeg     . . .     Faith    .   e - +1 robe of Bajatsaa {Str+2 Dex+4} (curse)
rPois    .         Spirit   .   B - +0 helmet
rElec    .         Reflect  .   I - +2 cloak {MR+}
rCorr    .         Harm     .   k - +1 pair of gloves
MR       ++...                  w - +0 pair of boots
Stlth    +++.......             o - amulet of regeneration
HPRegen  0.83/turn              M - +5 ring of evasion
MPRegen  0.18/turn              z - +3 ring of strength

@: regenerating quickly, studying Shields
A: no food, fangs 3, see invisible, unbreathing
a: Exsanguinate, Renounce Religion


You were in an ice cave.
You worshipped Vehumet.
Vehumet was extremely pleased with you.
You were alive.

You visited 2 branches of the dungeon, and saw 12 of its levels.
You also visited: Sewer, Ossuary and Ice Cave.

You collected 707 gold pieces.
You spent 247 gold pieces at shops.

Inventory:

Hand Weapons
 b - a +3 dagger of draining (weapon)
 V - a +4 whip
 X - a +2 whip of electrocution
Missiles
 R - 2 silver boomerangs (quivered)
 T - 3 boomerangs
Armour
 e - the cursed +1 robe of Bajatsaa (worn) {Str+2 Dex+4}
   (You found it on level 6 of the Dungeon)

   It affects your strength (+2).
   It affects your dexterity (+4).
   It has a curse placed upon it.
 k - a +1 pair of gloves (worn)
 w - a +0 pair of boots (worn)
 B - a +0 helmet (worn)
 I - a +2 cloak of magic resistance (worn)
 Z - a +0 troll leather armour
Jewellery
 m - an uncursed ring of flight
 o - an amulet of regeneration (around neck)
 z - a +3 ring of strength (right hand)
 E - an uncursed amulet of rage
 H - an uncursed ring of stealth
 M - a +5 ring of evasion (left hand)
 Q - an uncursed ring of protection from magic
Wands
 l - a wand of enslavement (5)
 x - a wand of acid (10)
 y - a wand of digging (32)
 C - a wand of flame (52)
 P - a wand of random effects (43)
Scrolls
 c - a scroll of acquirement {unknown}
 f - a scroll of brand weapon {unknown}
 g - 9 scrolls of amnesia
 h - 3 scrolls of enchant weapon
 j - 6 scrolls of teleportation
 v - 6 scrolls of remove curse
 A - a scroll of magic mapping {unknown}
 D - a scroll of immolation {unknown}
 G - 3 scrolls of identify
 L - a scroll of fear {unknown}
 O - a scroll of vulnerability {unknown}
 U - a scroll of fog
Potions
 a - a potion of invisibility {unknown}
 d - 6 potions of curing
 i - 2 potions of degeneration {unknown}
 n - 3 potions of berserk rage {unknown}
 q - a potion of resistance {unknown}
 r - a potion of flight
 s - 2 potions of agility {unknown}
 t - 6 potions of might
 u - 4 potions of brilliance {unknown}
 F - a potion of ambrosia {unknown}
 J - 2 potions of haste
 N - 2 potions of heal wounds
 S - 3 potions of lignification
Books
 p - a manual of Shields
Miscellaneous
 W - a crystal ball of energy
 Y - a lamp of fire


   Skills:
 + Level 4.5 Fighting
 + Level 6.7 Short Blades
 + Level 7.0 Dodging
 - Level 3.0 Stealth
 + Level 0.1 Unarmed Combat
 + Level 8.4 Spellcasting
 * Level 5.5 Conjurations
 - Level 0.6 Charms
 + Level 4.2 Summonings
 * Level 2.2 Fire Magic
 + Level 9.3 Ice Magic


You had 4 spell levels left.
You knew the following spells:

 Your Spells              Type           Power        Failure   Level  Hunger
a - Freeze                Ice            ####         1%          1    N/A
b - Ozocubu's Armour      Chrm/Ice       ####....     3%          3    N/A
c - Summon Ice Beast      Ice/Summ       #####...     4%          4    N/A
d - Throw Frost           Conj/Ice       #####.       1%          2    N/A
e - Ignite Poison         Fire/Tmut/Pois ##......     4%          3    N/A
f - Force Lance           Conj/Tloc      ###.....     7%          4    N/A
g - Lightning Bolt        Conj/Air       ###.......   17%         5    N/A

Your spell library contained the following spells:

 Spells                   Type           Power        Failure   Level  Hunger
 Throw Icicle             Conj/Ice       #####...     1%          4    N/A

Dungeon Overview and Level Annotations

Branches:
Dungeon (11/15)            Temple (1/1) D:4
   Lair: D:8-11         Orc: D:9-12

Altars:
Ashenzari
Cheibriados
Dithmenos
Elyvilon
Fedhas
Gozag
Hepliaklqana
Kikubaaqudgha
Makhleb
Nemelex Xobeh
Okawaru
Qazlal
Ru
Sif Muna
Trog
Uskayaw
Vehumet
Wu Jian
Xom
Yredelemnul
Zin
The Shining One

Shops:
D:6 [

Annotations:
D:2 Grinder


Innate Abilities, Weirdness & Mutations

You do not eat.
Your natural rate of healing is unusually fast.
You have razor-sharp teeth.
You have supernaturally acute eyesight. (SInv)
You can survive without breathing.


Message History

You see here a wolf corpse.
You see here a polar bear corpse.
Really walk into that cloud of freezing vapour?
Okay, then.
Unknown command.
You enter the shallow water.
Moving in this stuff is going to be slow.
You are engulfed in freezing vapours.
Things that are here:
a yak corpse x2
You are engulfed in freezing vapours.
You are engulfed in freezing vapours.
* * * LOW HITPOINT WARNING * * *
You are engulfed in freezing vapours.
* * * LOW HITPOINT WARNING * * *
Found 21 gold pieces and a scroll of identify.
You feel much better.
You are engulfed in freezing vapours.
* * * LOW HITPOINT WARNING * * *
You are engulfed in freezing vapours.
You die...

## .## ..#
##○.#
#○○○#
##☼☼#
##°@##
##§○#○#
#≈☼○.#○○
##○☼##○#☼#
##..##$ ?#
##.†### #
##.##
#..##
##...#


There were no monsters in sight!

Vanquished Creatures
  2 two-headed ogres
  Pikel (D:7)
  A centaur zombie (D:10)
  A kobold demonologist (D:11)
  A troll (D:10)
  A hornet (D:10)
  3 hippogriffs
  A shadow (D:8)
  A wyvern (D:9)
  3 yaks (D:10)
  2 hungry ghosts
  A soldier ant (D:10)
  An orc warrior (D:8)
  15 ice beasts
  2 sky beasts
  2 wolves (IceCv)
  A phantom (D:9)
  A necrophage (D:7)
  4 ogres
  8 centaurs
  6 big kobolds
  A gnoll sergeant (D:9)
  8 bullfrogs
  A water moccasin zombie (D:8)
  5 scorpions
  3 wights (D:11)
  6 howler monkeys
  3 crimson imps
  A bullfrog zombie (D:6)
  A quasit (D:10)
  5 jellies
  4 orc priests
  A centaur skeleton (D:8)
  3 hounds
  4 iguanas
  3 orc wizards
  10 worker ants
  7 big kobold zombies (Ossuary)
  A hound zombie (D:8)
  A hound skeleton (D:9)
  17 gnolls
  17 adders
  2 shadow imps
  4 oozes
  An adder zombie (D:8)
  2 adder skeletons
  2 worms
  5 dart slugs
  9 leopard geckos
  24 orcs
  3 spectral bats (Ossuary)
  9 bats
  7 giant cockroaches
  10 goblins
  6 hobgoblins
  12 jackals
  2 quokkas
  4 ball pythons
  5 frilled lizards
  4 gnoll zombies (Ossuary)
  2 goblin zombies (Ossuary)
  2 hobgoblin zombies (Ossuary)
  27 kobolds
  6 kobold zombies (Ossuary)
  A leopard gecko zombie (D:6)
  7 orc zombies (Ossuary)
  A quokka skeleton (D:4)
  7 rats
  A rat simulacrum (Ossuary)
  2 rat zombies (D:2)
  3 spectral goblins (Ossuary)
  6 spectral kobolds (Ossuary)
  2 spectral rats (Ossuary)
  A bush (D:10)
339 creatures vanquished.

Vanquished Creatures (collateral kills)
  A two-headed ogre (D:8)
  An ugly thing (D:10)
  3 polar bears (IceCv)
  A troll (D:10)
  A vampire mosquito (D:8)
  A phantom (D:6)
  2 centaurs
  The ghost of darksquall the Grave Robber, an amateur DsNe (D:3)
  A crimson imp (D:6)
  An iguana (D:10)
  3 orc wizards
  A big kobold zombie (Ossuary)
  A hound skeleton (D:7)
  A mummy (Ossuary)
  A worker ant zombie (D:7)
  A gnoll (D:3)
  5 orcs
  2 bat simulacra (Ossuary)
  2 goblin simulacra (Ossuary)
  3 kobold simulacra (Ossuary)
  An orc zombie (Ossuary)
  2 rat simulacra (Ossuary)
36 creatures vanquished.

Vanquished Creatures (others)
  2 yaks (IceCv)
  2 wolves (IceCv)
  A hound (D:7)
  A worker ant (D:7)
  An orc (D:7)
  15 fungi (D:11)
22 creatures vanquished.

Grand Total: 397 creatures vanquished

Notes
Turn   | Place    | Note
-------+----------+-------------------------------------------
     0 | D:1      | Hukkari the Vampire Ice Elementalist began the quest for
                  | the Orb.
     0 | D:1      | Reached XP level 1. HP: 13/13 MP: 3/3
   129 | D:1      | Reached XP level 2. HP: 16/19 MP: 5/5
   176 | D:1      | Reached XP level 3. HP: 23/24 MP: 2/6
   548 | D:1      | Reached skill level 4 in Ice Magic
   927 | D:2      | Found an ancient bone altar of Kikubaaqudgha.
  1008 | D:2      | Reached XP level 4. HP: 18/31 MP: 7/7
  1122 | D:2      | Reached skill level 1 in Fighting
  1122 | D:2      | Reached skill level 1 in Short Blades
  1268 | D:2      | Reached XP level 5. HP: 34/37 MP: 9/9
  1279 | D:2      | Learned a level 3 spell: Ozocubu's Armour
  1284 | D:2      | Learned a level 4 spell: Summon Ice Beast
  1288 | D:2      | Learned a level 2 spell: Throw Frost
  1809 | D:3      | Noticed Grinder
  1880 | D:2      | Paralysed by Grinder for 3 turns
  1923 | D:2      | Paralysed by Grinder for 4 turns
  1933 | D:2      | Paralysed by Grinder for 3 turns
  1985 | D:2      | Paralysed by Grinder for 5 turns
  2000 | D:2      | Paralysed by Grinder for 7 turns
  2130 | D:3      | Noticed a hungry ghost
  2162 | D:2      | Killed a hungry ghost
  2162 | D:2      | Reached XP level 6. HP: 13/44 MP: 6/11
  2313 | D:3      | Reached skill level 5 in Ice Magic
  2467 | D:3      | Found a transporter.
  2468 | D:3      | Found a transporter.
  2526 | D:3      | HP: 2/44 [poisoned by a gnoll]
  2532 | D:3      | HP: 2/44 [poisoned by a gnoll]
  2678 | D:3      | Noticed darksquall's ghost (amateur DsNe)
  2700 | D:3      | Killed darksquall's ghost
  2927 | D:3      | Found a glowing golden altar of the Shining One.
  3119 | D:4      | Reached skill level 1 in Conjurations
  3119 | D:4      | Reached XP level 7. HP: 40/50 MP: 13/13
  3126 | D:4      | Found a staircase to the Ecumenical Temple.
  3162 | D:4      | Reached skill level 1 in Summonings
  3331 | D:4      | Found a glowing drain.
  3354 | Sewer    | Entered a sewer
  3876 | Temple   | Entered the Ecumenical Temple
  4016 | Temple   | Became a worshipper of Vehumet
  4043 | D:4      | Reached XP level 8. HP: 51/51 MP: 11/15
  4127 | D:4      | Reached skill level 5 in Spellcasting
  4285 | D:5      | Entered Level 5 of the Dungeon
  4332 | D:5      | Reached skill level 6 in Ice Magic
  5325 | D:6      | Found Tylleot's Antique Armour Emporium.
  5331 | D:6      | Bought a runed cloak for 247 gold pieces
  5386 | D:6      | Reached XP level 9. HP: 49/63 MP: 18/18
  5479 | D:6      | Reached * piety under Vehumet
  5479 | D:6      | Offered knowledge of Shock by Vehumet.
  5623 | D:6      | Got an ominously black robe
  5624 | D:6      | Identified the cursed +1 robe of Bajatsaa {Str+2 Dex+4}
                  | (You found it on level 6 of the Dungeon)
  6297 | D:7      | Reached skill level 7 in Ice Magic
  6404 | D:7      | Noticed Pikel
  6413 | D:7      | Killed Pikel
  6928 | D:7      | Reached ** piety under Vehumet
  6928 | D:7      | Offered knowledge of Flame Tongue by Vehumet.
  7407 | D:8      | Reached skill level 5 in Dodging
  7495 | D:8      | Noticed a white ugly thing
  7696 | D:8      | Reached XP level 10. HP: 39/70 MP: 18/20
  7819 | D:8      | Found a sand-covered staircase.
  7825 | Ossuary  | Entered an ossuary
  7898 | Ossuary  | Offered knowledge of Conjure Flame by Vehumet.
  8013 | Ossuary  | Reached *** piety under Vehumet
  8186 | Ossuary  | Offered knowledge of Ignite Poison by Vehumet.
  8263 | D:8      | Reached skill level 5 in Short Blades
  8277 | D:8      | Reached skill level 8 in Ice Magic
  8312 | D:8      | Noticed a two-headed ogre
  8324 | D:8      | Killed a two-headed ogre
  8336 | D:8      | Learned a level 3 spell: Ignite Poison
  8562 | D:8      | Noticed a two-headed ogre
  8612 | D:8      | Killed a two-headed ogre
  8612 | D:8      | Reached **** piety under Vehumet
  8652 | D:8      | Found a faded altar of an unknown god.
  8652 | D:8      | Found a sparkling altar of Nemelex Xobeh.
  8672 | D:8      | Found a shimmering altar of Xom.
  8674 | D:8      | Found a bloodstained altar of Trog.
  8685 | D:8      | Found a faded altar of an unknown god.
  8903 | D:9      | Offered knowledge of Force Lance by Vehumet.
  8910 | D:9      | Learned a level 4 spell: Force Lance
  9028 | D:9      | Noticed a two-headed ogre
  9049 | D:9      | Killed a two-headed ogre
  9049 | D:9      | Reached skill level 5 in Conjurations
  9183 | D:9      | Found a burning altar of Makhleb.
  9516 | D:10     | Entered Level 10 of the Dungeon
  9616 | D:10     | Reached XP level 11. HP: 77/77 MP: 18/22
  9634 | D:10     | Reached skill level 1 in Fire Magic
  9822 | D:10     | Noticed a red ugly thing
  9847 | D:10     | HP: 3/77 [red ugly thing (22)]
  9863 | D:10     | Killed a red ugly thing
 10066 | D:10     | Reached skill level 9 in Ice Magic
 10313 | D:10     | Reached ***** piety under Vehumet
 10313 | D:10     | Offered knowledge of Lightning Bolt by Vehumet.
 10321 | D:10     | Learned a level 5 spell: Lightning Bolt
 10970 | D:11     | Found a frozen archway.
 11121 | IceCv    | Entered an ice cave
 11257 | IceCv    | Engulfed by a cloud of freezing vapour

Levels and vault maps discovered:
D:1:      dpeg_arrival_shrine, layout_basic, minmay_pentomino_o4
D:2:      layout_basic, lemuel_zombie_altar_kikubaaqudgha
D:3:      layout_rooms, tso_metal_star, gammafunk_ghost_gnarly_gnolls,
          uniq_grinder
D:4:      layout_basic, minmay_temple_entry_arrows, gup_sewer_entry_pipe,
          st_stairs_3
D:5:      layout_basic, first_ration
D:6:      layout_layer_cave, serial_shops, nicolae_shop_trees
D:7:      layout_layer_cave, uniq_pikel
D:8:      minmay_imperfect_grid, layout_rooms,
          chequers_temple_overflow_minitemple, nicolae_ossuary_entry_plus
D:9:      layout_cave_pools, marbit_many_paths
D:10:     layout_stronghold, hangedman_pestilent_swarm,
          minmay_misc_feat_nine_boxes, nicolae_wwwww, kb_lookout_dungeons_type,
          kennysheep_generic_room_14
D:11:     hangedman_cross_veins, layout_loops_corners,
          due_lair_maze_entry_diamond, portal_ice_cave_entry_ice_beasts
Temple:   nicolae_temple_elliptical
IceCv:    ice_cave_caverns_02

Skill      XL: |  1  2  3  4  5  6  7  8  9 10 11 |
---------------+----------------------------------+-----
Ice Magic      | 4 5 6 7 8 9 |  9.3
Fighting       | 1 2 3 4 |  4.5
Short Blades   | 1 2 4 6 |  6.7
Spellcasting   | 3 4 6 7 8 |  8.4
Dodging        | 3 4 5 6 7 |  7.0
Conjurations   | 1 2 4 5 |  5.5
Summonings     | 2 3 4 |  4.2
Fire Magic     | 2 |  2.2
Stealth        | |  3.0
Unarmed Combat | |  0.1
Charms         | |  0.6

Action                   |  1- 3 |  4- 6 |  7- 9 | 10-12 || total
-------------------------+-------+-------+-------+-------++-------
Melee: Unarmed           |    16 |       |       |       ||    16
       Dagger            |    62 |   124 |   434 |   901 ||  1521
       Bite              |     8 |     8 |    55 |   157 ||   228
       Punch             |       |       |       |     1 ||     1
 Cast: Freeze            |    22 |    66 |   128 |   108 ||   324
       Ozocubu's Armour  |       |     3 |     8 |    13 ||    24
       Throw Frost       |       |     3 |     5 |     8 ||    16
       Summon Ice Beast  |       |     2 |    11 |    24 ||    37
       Force Lance       |       |       |       |     2 ||     2
 Abil: Exsanguinate      |       |       |     1 |       ||     1
       Revivify          |       |       |     1 |       ||     1
  Use: Potion            |       |     4 |     4 |     1 ||     9
       Scroll            |       |     2 |     6 |     7 ||    15
 Stab: Sleeping          |     5 |     5 |    15 |    12 ||    37
       Distracted        |       |       |     1 |     1 ||     2
Armor: Robe              |    13 |    20 |   127 |   114 ||   274
       Skin              |       |    19 |       |       ||    19
Dodge: Dodged            |    53 |   111 |   326 |   569 ||  1059

Table legend:
 A = Non-vault XP
 B = Vault XP
 C = Vault XP percentage of total XP
 D = Non-vault monster count
 E = Vault monster count
 F = Vault count percentage of total count
                 A         B        C        D         E       F
            +---------+---------+-------+---------+---------+-------
      Total |   11088 |    5515 |  33.2 |     232 |     143 |  38.1
            +---------+---------+-------+---------+---------+-------
        D:1 |      69 |       3 |   4.2 |      33 |       2 |   5.7
        D:2 |     353 |       2 |   0.6 |      39 |       2 |   4.9
        D:3 |     160 |     128 |  44.4 |      16 |       7 |  30.4
        D:4 |     367 |      32 |   8.0 |      13 |       9 |  40.9
        D:5 |     876 |       0 |   0.0 |      21 |       0 |   0.0
        D:6 |     835 |       0 |   0.0 |      17 |       0 |   0.0
        D:7 |     805 |     455 |  36.1 |      27 |       1 |   3.6
        D:8 |    1522 |    2244 |  59.6 |      18 |      23 |  56.1
        D:9 |    1969 |       3 |   0.2 |      17 |       1 |   5.6
       D:10 |    3386 |     632 |  15.7 |      24 |       5 |  17.2
       D:11 |     746 |     938 |  55.7 |       7 |       8 |  53.3
      Sewer |       0 |     420 | 100.0 |       0 |      24 | 100.0
    Ossuary |       0 |     263 | 100.0 |       0 |      55 | 100.0
      IceCv |       0 |     395 | 100.0 |       0 |       6 | 100.0
            +---------+---------+-------+---------+---------+-------
